 Dungeon Crawl Stone Soup version 0.22.1-2-g9c5b331 (webtiles) character file.

123 Matador8 the Poker (level 5, 0/38 HPs)
             Began as a Merfolk Skald on Dec 17, 2018.
             Slain by a worker ant (4 damage)
             ... on level 3 of the Dungeon.
             The game lasted 00:18:59 (3428 turns).

Matador8 the Poker (Merfolk Skald)                  Turns: 3428, Time: 00:19:00

Health: 0/38       AC:  3    Str: 12    XL:     5   Next: 7%
Magic:  9/9        EV: 12    Int: 12    God:
Gold:   185        SH:  0    Dex: 14    Spells: 3/9 levels left

rFire    . . .     SeeInvis .   a - +0 spear
rCold    . . .     Gourm    .   (no shield)
rNeg     . . .     Faith    .   u - +0 leather armour
rPois    .         Spirit   .   (no helmet)
rElec    .         Reflect  .   (no cloak)
rCorr    .         Harm     .   (no gloves)
MR       .....                  (no boots)
Stlth    +.........             (no amulet)
HPRegen  0.12/turn              (no ring)
MPRegen  0.11/turn              (no ring)

@: lethally poisoned (0 -> -6)
A: change form in water, swift swim, stealthy swim
a: no special abilities


You were on level 3 of the Dungeon.
You were hungry.

You visited 1 branch of the dungeon, and saw 4 of its levels.

You collected 185 gold pieces.

Inventory:

Hand Weapons
 a - a +0 spear (weapon)
 b - a +0 blowgun
Missiles
 t - 42 poisoned needles (quivered)
Armour
 h - a +0 ring mail
 i - a +0 robe of resistance
 u - a +0 leather armour (worn)
Jewellery
 j - an uncursed ring of poison resistance {unknown}
 k - an uncursed ring of see invisible {unknown}
Scrolls
 c - a scroll of fog {unknown}
 f - 5 scrolls of teleportation {unknown}
 g - a scroll of immolation {unknown}
 m - 2 scrolls of identify {unknown}
 r - a scroll of blinking {unknown}
 s - 3 scrolls of remove curse {unknown}
Potions
 e - 2 potions of lignification
 l - a potion of mutation {unknown}
 o - a potion of heal wounds {unknown}
 p - 2 potions of brilliance
 q - 2 potions of haste {unknown}
Comestibles
 d - 4 rations


   Skills:
 - Level 2.1 Fighting
 * Level 5.7 Polearms
 + Level 0.0 Throwing
 - Level 0.6 Armour
 - Level 2.6 Dodging
 + Level 2.8 Spellcasting
 - Level 4.1 Charms


You had 3 spell levels left.
You knew the following spells:

 Your Spells              Type           Power        Failure   Level  Hunger
a - Infusion              Chrm           ##..         6%          1    #......
b - Spectral Weapon       Hex/Chrm       #.......     38%         3    ###....
c - Shroud of Golubria    Chrm/Tloc      #.........   21%         2    ###....

Your spell library contained the following spells:

 Spells                   Type           Power        Failure   Level  Hunger
 Song of Slaying          Chrm           ##......     9%          2    ###....
 Regeneration             Chrm/Necr      #.........   38%         3    ###....


Dungeon Overview and Level Annotations

Branches:
Dungeon (4/15)
 Temple: D:4-7

Altars:


Message History

The worker ant barely misses you. The worker ant bites you.
The worker ant closely misses you. The worker ant bites you.
* * * LOW HITPOINT WARNING * * *
You are feeling hungry.
The worker ant closely misses you.
The worker ant bites you but does no damage.
The worker ant bites you.
* * * LOW HITPOINT WARNING * * *
You are lethally poisoned!
The worker ant poisons you!
* * * LOW HITPOINT WARNING * * *
You feel sick.
* * * LOW HITPOINT WARNING * * *
You feel sick.
* * * LOW HITPOINT WARNING * * *
You feel sick. The worker ant bites you.
You die...

........###.##.#.###.#.##.##.#...
........+......#..##.#.##.##.#...
........###.##.#..##.#.##.##.#...
........# #......................
##'###### #.##.#..##.####.##.###.
...### #...............##.# #.
.....# #######.#.#.#.#######.###.
.....# #....##.#a#.#.# #...#.
รท....# #....##.#@#...# #.....
.....# #....##.#.##..#######...##
.....###....##.#.##..#....##...<.
#...........'.......>............
............#....................
......(.....#.......##....##...##
............#.......##....##...#
.........####.......##....##...#
.........# #.......########...##


You could see a worker ant.

Vanquished Creatures
  5 adders (D:2)
  2 oozes
  3 worms (D:2)
  3 giant cockroaches
  6 goblins
  3 hobgoblins
  7 jackals
  2 quokkas (D:2)
  2 ball pythons (D:1)
  8 bats
  5 frilled lizards
  10 kobolds
  7 rats
63 creatures vanquished.

Notes
Turn   | Place    | Note
-------+----------+-------------------------------------------
     0 | D:1      | Matador8 the Merfolk Skald began the quest for the Orb.
     0 | D:1      | Reached XP level 1. HP: 16/16 MP: 3/3
     0 | D:1      | Noticed a merfolk zombie
     1 | D:1      | Noticed a draconian
     9 | D:1      | Noticed a human
    15 | D:1      | Noticed a human
    17 | D:1      | Noticed a vampire
   178 | D:1      | Reached XP level 2. HP: 8/22 MP: 1/5
   719 | D:1      | Reached skill level 4 in Polearms
   917 | D:1      | Reached XP level 3. HP: 27/27 MP: 6/6
  1077 | D:2      | Learned a level 3 spell: Spectral Weapon
  1235 | D:2      | Reached XP level 4. HP: 9/33 MP: 0/7
  1502 | D:2      | You fall through a shaft!
  1539 | D:3      | Reached skill level 5 in Polearms
  2413 | D:2      | Learned a level 2 spell: Shroud of Golubria
  2795 | D:3      | Reached XP level 5. HP: 38/38 MP: 9/9
  3428 | D:3      | Slain by a worker ant

Skill      XL: |  1  2  3  4 |
---------------+-------------+-----
Polearms       | 4 5 |  5.7
Charms         | 4 |  4.1
Fighting       | |  2.1
Armour         | |  0.6
Dodging        | |  2.6
Spellcasting   | |  2.8

Action                   |  1- 3 |  4- 6 || total
-------------------------+-------+-------++-------
Melee: Spear             |   155 |   162 ||   317
 Fire: Blowgun           |       |     1 ||     1
 Cast: Infusion          |     6 |     6 ||    12
       Shroud of Golubri |       |     1 ||     1
  Use: Potion            |     3 |     1 ||     4
  Eat: Chunk             |     1 |     7 ||     8
Armor: Leather armour    |    23 |     9 ||    32
       Ring mail         |    26 |    28 ||    54
       Skin              |    33 |     2 ||    35
Dodge: Dodged            |   104 |    86 ||   190
